 Dungeon Crawl Stone Soup version 0.23.0-2-g0fe3ce5905 (webtiles) character file.

Game seed: 70733703476274209

3843 dizzybubble the Ducker (level 10, -27/69 HPs)
             Began as an Octopode Air Elementalist on Feb 19, 2019.
             Was a Priest of Nemelex Xobeh.
             Killed by a card of wild magic (34 damage)
             ... on level 10 of the Dungeon.
             The game lasted 00:31:15 (13006 turns).

dizzybubble the Ducker (Octopode Air Elementalist) Turns: 13006, Time: 00:31:16

Health: -27/69     AC:  1    Str:  9    XL:     10   Next: 18%
Magic:  0/14       EV: 19    Int: 23    God:    Nemelex Xobeh [***...]
Gold:   523        SH:  0    Dex: 18    Spells: 7/13 levels left

rFire    . . .     SeeInvis .   a - +2 flail (curse)
rCold    . . .     Gourm    .   (no shield)
rNeg     . . .     Faith    .   (helmet restricted)
rPois    .         Spirit   +   J - amulet of guardian spirit
rElec    .         Reflect  .   m - +6 ring of intelligence
rCorr    .         Harm     .   o - +3 ring of dexterity
MR       +....                  N - ring of protection from magic
Stlth    +++.......             (no ring)
HPRegen  0.21/turn              (no ring)
MPRegen  0.14/turn              (no ring)
                                (no ring)
                                (no ring)

@: no status effects
A: almost no armour, stealthy swim, amphibious, 8 rings, constrict 8, camouflage
1, gelatinous body 1
a: Draw Escape, Draw Destruction, Draw Summoning, Triple Draw, Renounce Religion


You were on level 10 of the Dungeon.
You worshipped Nemelex Xobeh.
Nemelex Xobeh was most pleased with you.
You were not hungry.

You visited 2 branches of the dungeon, and saw 11 of its levels.

You collected 523 gold pieces.

Inventory:

Hand Weapons
 a - a cursed +2 flail (weapon)
 g - a cursed -3 quarterstaff
 j - a +0 trident
 q - a +3 dagger of holy wrath
 r - a +1 short sword of speed
 u - a +0 spear
 D - a +0 rapier
 E - a +0 flail
 F - a +0 blowgun
 H - a +2 antimagic war axe
 K - a +0 hunting sling
 L - a +3 battleaxe
 M - a +5 mace
 S - a +0 morningstar
Missiles
 h - a throwing net (quivered) {!f}
 y - 51 sling bullets
 G - 8 poisoned needles
Jewellery
 m - a +6 ring of intelligence (left tentacle)
 o - a +3 ring of dexterity (right tentacle)
 J - an amulet of guardian spirit (around mantle)
 N - a ring of protection from magic (on tentacle)
Wands
 I - a wand of digging (7)
 O - a wand of disintegration (2)
 Q - a wand of polymorph (6)
 U - a wand of paralysis (14)
Scrolls
 e - 4 scrolls of immolation
 f - 4 scrolls of amnesia
 i - 3 scrolls of teleportation {@r3}
 k - 3 scrolls of remove curse {@r2}
 l - 4 scrolls of blinking
 n - a scroll of magic mapping {unknown}
 t - a scroll of random uselessness {unknown}
 v - 2 scrolls of enchant armour
 B - a scroll of fear {unknown}
 R - a scroll of enchant weapon {unknown}
 T - a scroll of holy word {unknown}
Potions
 c - 5 potions of curing {@q1}
 d - 3 potions of lignification
 p - a potion of heal wounds {unknown}
 s - a potion of might {unknown}
 w - 2 potions of brilliance
 x - 3 potions of haste {unknown}
 z - a potion of berserk rage {unknown}
 A - a potion of agility {unknown}
 C - a potion of degeneration {unknown}
 P - a potion of flight {unknown}
Comestibles
 b - 13 rations


   Skills:
 + Level 6.5 Fighting
 * Level 7.6 Maces & Flails
 * Level 7.8 Dodging
 - Level 2.6 Stealth
 - Level 2.0 Spellcasting
 - Level 2.0 Conjurations
 - Level 4.0 Air Magic
 + Level 6.0 Invocations
 + Level 1.1 Evocations


You had 7 spell levels left.
You knew the following spells:

 Your Spells              Type           Power        Failure   Level  Hunger
a - Shock                 Conj/Air       ###.         3%          1    #......
b - Swiftness             Chrm/Air       ##......     9%          2    ##.....
c - Static Discharge      Conj/Air       ###.....     11%         3    ###....

Your spell library contained the following spells:

 Spells                   Type           Power        Failure   Level  Hunger
 Freeze                   Ice            #...         13%         1    #......
 Throw Frost              Conj/Ice       #.....       13%         2    ##.....
 Airstrike                Air            ###.......   24%         4    #####..
 Dazzling Spray           Conj/Hex       #.....       26%         3    ###....
 Ozocubu's Armour         Chrm/Ice       #.......     36%         3    ###....
 Iskenderun's Mystic Bla  Conj           ##......     50%         4    #####..
 Throw Icicle             Conj/Ice       #.......     63%         4    #####..
 Lightning Bolt           Conj/Air       ###.......   71%         5    ######.
 Summon Ice Beast         Ice/Summ       #.......     77%         4    #####..
 Bolt of Fire             Conj/Fire      #.........   100%        6    #######


Dungeon Overview and Level Annotations

Branches:
Dungeon (10/15)            Temple (1/1) D:5             Orc (0/2) D:9
   Lair: D:8-11

Altars:
Ashenzari
Cheibriados
Dithmenos
Elyvilon
Fedhas
Gozag
Hepliaklqana
Kikubaaqudgha
Makhleb
Nemelex Xobeh
Okawaru
Qazlal
Ru
Sif Muna
Trog
Uskayaw
Vehumet
Wu Jian
Xom
Yredelemnul
Zin
The Shining One

Annotations:
D:5 1 runed translucent door, H0rd4k's ghost, novice HuAr


Innate Abilities, Weirdness & Mutations

You cannot wear most types of armour.
You are very stealthy in the water. (Stealth+)
You are amphibious.
You can wear up to eight rings at the same time.
You can use your tentacles to constrict eight enemies at once.
Your skin changes colour to match your surroundings (Stealth+).
Your rubbery body absorbs attacks. (AC +1, EV +1)


Message History

You sock the meliai zombie! You squeeze the meliai zombie.
You constrict the meliai zombie. The meliai zombie hits you.
* * * LOW HITPOINT WARNING * * *
The meliai zombie hits you.
* * * LOW HITPOINT WARNING * * *
The meliai zombie hits you!
* * * LOW HITPOINT WARNING * * *
The meliai zombie hits you!
* * * LOW HITPOINT WARNING * * *
You feel better.
You constrict the meliai zombie. The meliai zombie hits you!
* * * LOW HITPOINT WARNING * * *
The meliai zombie misses you.
You draw a card...
You have drawn Wild Magic.
There is a sudden explosion of magical energy!
The explosion engulfs the meliai zombie!!!
The meliai zombie is destroyed!
Your Evocations skill increases to level 1!
The explosion engulfs you!!
You die...
Your body disappears without a glow.

..## #.# ... #.# . ..##?# ..
##....###. ........ #. #....#
.#####. ###...# ........... ..
#.. .##.....# ............. .
.##.. #....#..@# #...........##
.. .... #.. ###..#.....%.......#
... ...#. .............##... #.F
.... ##.........##.##... #...
.o## .....F........#.W.
##..o#..# .........$.W......
#>.oo.<# #.................
##..g.Z..S.o..##........[....)..
#.....gg....... ......###...##


You could see a bullfrog.

Vanquished Creatures
  A troll (D:9)
  A hungry ghost (D:9)
  A water moccasin (D:8)
  2 ice beasts
  2 orc warriors
  2 sky beasts
  6 ogres
  A crocodile (D:8)
  A big kobold (D:7)
  A bullfrog (D:7)
  3 scorpions
  6 killer bees (D:9)
  3 wights (D:5)
  A crimson imp (D:6)
  3 quasits
  2 bullfrog zombies
  A centaur zombie (D:7)
  3 hounds
  5 jellies
  5 orc wizards
  3 orc priests
  2 bullfrog skeletons
  An iguana (D:9)
  5 worker ants
  A killer bee zombie (D:7)
  A howler monkey zombie (D:9)
  Robin (D:4)
  3 gnolls (D:4)
  A howler monkey skeleton (D:5)
  12 adders
  A shadow imp (D:8)
  An adder skeleton (D:5)
  A dart slug (D:4)
  3 worms
  6 leopard geckos
  34 orcs
  3 ball pythons
  10 bats
  7 giant cockroaches
  7 hobgoblins
  5 jackals
  18 kobolds
  5 quokkas
  5 frilled lizards
  17 goblins
  9 rats
212 creatures vanquished.

Vanquished Creatures (collateral kills)
  An ice beast (D:6)
  An orc warrior (D:6)
2 creatures vanquished.

Vanquished Creatures (others)
  A meliai zombie (D:10)
1 creature vanquished.

Grand Total: 215 creatures vanquished

Notes
Turn   | Place    | Note
-------+----------+-------------------------------------------
     0 | D:1      | dizzybubble the Octopode Air Elementalist began the quest
                  | for the Orb.
     0 | D:1      | Reached XP level 1. HP: 11/11 MP: 3/3
   308 | D:1      | Reached skill level 1 in Fighting
   308 | D:1      | Reached XP level 2. HP: 18/18 MP: 3/5
   816 | D:1      | Reached XP level 3. HP: 24/24 MP: 4/6
  1224 | D:1      | Learned a level 2 spell: Swiftness
  1228 | D:1      | Learned a level 3 spell: Static Discharge
  1588 | D:2      | Found a stormy altar of Qazlal.
  1733 | D:2      | Reached XP level 4. HP: 30/30 MP: 1/7
  2641 | D:3      | Reached XP level 5. HP: 36/36 MP: 3/8
  3361 | D:4      | Noticed Robin
  3653 | D:4      | Killed Robin
  4182 | D:5      | Entered Level 5 of the Dungeon
  4356 | D:5      | Reached XP level 6. HP: 42/42 MP: 6/9
  4526 | D:5      | Found a runed translucent door.
  4526 | D:5      | Noticed H0rd4k's ghost (novice HuAr)
  5022 | D:5      | Noticed an ice beast
  5148 | D:5      | Found a staircase to the Ecumenical Temple.
  5154 | Temple   | Entered the Ecumenical Temple
  5359 | Temple   | Became a worshipper of Nemelex Xobeh the Trickster
  5760 | D:5      | Reached skill level 5 in Dodging
  5768 | D:5      | Received a gift from Nemelex Xobeh
  6006 | D:5      | Reached XP level 7. HP: 45/46 MP: 5/10
  6165 | D:5      | Noticed an insubstantial wisp
  6165 | D:5      | Noticed an insubstantial wisp
  6376 | D:5      | Reached skill level 1 in Invocations
  6540 | D:6      | Received a gift from Nemelex Xobeh
  6836 | D:6      | Reached skill level 1 in Maces & Flails
  7067 | D:6      | Reached XP level 8. HP: 49/54 MP: 9/11
  7121 | D:6      | Reached * piety under Nemelex Xobeh
  7374 | D:6      | Found a deep blue altar of Sif Muna.
  7618 | D:6      | Identified the Incunabulum of Combat Magic
  8988 | D:7      | Received a gift from Nemelex Xobeh
  9099 | D:7      | Reached skill level 5 in Fighting
  9099 | D:7      | Reached XP level 9. HP: 30/61 MP: 1/12
  9265 | D:7      | Reached skill level 5 in Maces & Flails
  9776 | D:7      | Received a gift from Nemelex Xobeh
 10511 | D:8      | Reached ** piety under Nemelex Xobeh
 10511 | D:8      | Received a gift from Nemelex Xobeh
 10627 | D:8      | Reached skill level 5 in Invocations
 11463 | D:9      | Found a staircase to the Orcish Mines.
 11600 | D:9      | Received a gift from Nemelex Xobeh
 11674 | D:9      | Noticed a troll
 11678 | D:9      | Killed a troll
 11906 | D:9      | Noticed Joseph
 11908 | D:9      | Noticed Joseph
 11908 | D:9      | Joseph changed into Joseph the ogre
 11914 | D:9      | Killed Joseph the ogre
 12041 | D:9      | Reached XP level 10. HP: 68/68 MP: 14/14
 12348 | D:9      | Received a gift from Nemelex Xobeh
 12427 | D:9      | Reached *** piety under Nemelex Xobeh
 12543 | D:10     | Entered Level 10 of the Dungeon
 13006 | D:10     | Reached skill level 1 in Evocations
 13006 | D:10     | Killed by a card of wild magic

Skill      XL: |  1  2  3  4  5  6  7  8  9 10 |
---------------+-------------------------------+-----
Fighting       | 1 2 3 5 6 |  6.5
Conjurations   | 2 |  2.0
Dodging        | 3 5 6 7 |  7.8
Air Magic      | 4 |  4.0
Invocations    | 2 4 5 6 |  6.0
Maces & Flails | 2 4 7 |  7.6
Evocations     | 1 |  1.1
Stealth        | |  2.6
Spellcasting   | |  2.0

Action                   |  1- 3 |  4- 6 |  7- 9 | 10-12 || total
-------------------------+-------+-------+-------+-------++-------
Melee: Unarmed           |     3 |       |       |       ||     3
       Constrict         |     5 |    24 |    44 |     6 ||    79
       Tentacles         |     5 |    19 |    63 |    10 ||    97
       Dagger            |     3 |       |       |       ||     3
       Short sword       |     9 |    84 |    88 |       ||   181
       Flail             |       |       |   147 |    54 ||   201
 Cast: Shock             |    73 |   106 |    70 |     1 ||   250
 Abil: Draw Destruction  |       |       |    15 |       ||    15
       Draw Summoning    |       |       |     2 |       ||     2
Evoke: Wand              |       |       |     4 |     7 ||    11
  Use: Scroll            |       |     8 |     1 |     2 ||    11
       Potion            |       |     1 |       |     2 ||     3
 Stab: Sleeping          |     2 |     3 |    12 |     2 ||    19
  Eat: Chunk             |     3 |    12 |    19 |     1 ||    35
       Ration            |       |     1 |       |     3 ||     4
Armor: Skin              |       |     3 |    10 |     3 ||    16
Dodge: Dodged            |    10 |    53 |   178 |    59 ||   300
